NCAA
SOUTH FLORIDA BULLS @ NOTRE DAME FIGHTING IRISH
05/06/2023
 
TOP OF THE 1ST
South Florida Bulls batting - Pitching for Notre Dame Fighting Irish : RHP Domingo Franco
Pitching: RHP Domingo Franco
Batting: LHB Bob Bush 0-0: Ball
1-0: Foul Ball, location: 2F
1-1: Ground out U3 (Groundball, 3S)
Batting: SHB Roberto Torres 0-0: Called Strike
0-1: Ball
1-1: Called Strike
1-2: Foul Ball, location: 2F
1-2: Foul Ball, location: 2F
1-2: Ball
2-2: Ball
3-2: Strikes out swinging
Batting: RHB John Little 0-0: Ball
1-0: Called Strike
1-1: Ball
2-1: Fly out, F4 (Popup, 4D)
Top of the 1st over - 0 run(s), 0 hit(s), 0 error(s), 0 left on base; South Florida 0 - Notre Dame 0
BOTTOM OF THE 1ST
Notre Dame Fighting Irish batting - Pitching for South Florida Bulls : RHP Derrek Ashe
Pitching: RHP Derrek Ashe
Batting: RHB António Muńóz 0-0: Ball
1-0: DOUBLE (Flyball, 78M)
Batting: RHB Jesús Santos 0-0: Called Strike
0-1: Called Strike
0-2: Ball
1-2: Ball
2-2: Foul Ball, location: 2F
2-2: Ball
3-2: Base on Balls
Batting: LHB Pat White 0-0: Ball
1-0: Ground out 3-1 (Groundball, 34S)
António Muńóz to third
Jesús Santos to second
Batting: RHB Doug Coleman 0-0: 3-RUN HOME RUN (Flyball, 8RXD), Distance : 382 ft
Batting: RHB Tony Parker 0-0: Called Strike
0-1: Ball
1-1: Ball
2-1: Foul Ball, location: 2F
2-2: Ball
3-2: Base on Balls
Batting: SHB Forest Cruz 0-0: Ball
Tony Parker steals 2nd base
1-0: Fly out, F5 (Popup, 5DF)
Batting: RHB Ron Walters 0-0: Foul Ball, location: 2F
0-1: Ground out 5-3 (Groundball, 5)
Bottom of the 1st over - 3 run(s), 2 hit(s), 0 error(s), 1 left on base; South Florida 0 - Notre Dame 3
TOP OF THE 2ND
South Florida Bulls batting - Pitching for Notre Dame Fighting Irish : RHP Domingo Franco
Batting: SHB Tex White 0-0: Ball
1-0: Ball
2-0: Foul Ball, location: 2F
2-1: Ball
3-1: Base on Balls
Batting: RHB Mark Parker 0-0: Ball
1-0: Ball
2-0: Ball
3-0: Swinging Strike
3-1: Fly out, F9 (Flyball, 9M)
Batting: RHB Jon Krohne 0-0: Ball
1-0: SINGLE (Groundball, 56D)
Tex White to second
Batting: LHB Bob Jacobs 0-0: Ball
1-0: Grounds out, U3 (Groundball, 3L)
Tex White to third
Batting: RHB Rafael Martínez 0-0: Ground out 5-3 (Groundball, 56)
Top of the 2nd over - 0 run(s), 1 hit(s), 0 error(s), 2 left on base; South Florida 0 - Notre Dame 3
BOTTOM OF THE 2ND
Notre Dame Fighting Irish batting - Pitching for South Florida Bulls : RHP Derrek Ashe
Batting: RHB Ralph Gentry 0-0: Called Strike
0-1: Foul Ball, location: 2F
0-2: Ball
1-2: Ball
2-2: Ball
3-2: Strikes out swinging
Batting: SHB Joe Gallagher 0-0: Ball
1-0: Ball
2-0: Foul Ball, location: 2F
2-1: Foul Ball, location: 2F
2-2: Ball
3-2: Strikes out looking
Batting: RHB António Muńóz 0-0: Ball
1-0: Ground out 1-3 (Groundball, 15)
Bottom of the 2nd over - 0 run(s), 0 hit(s), 0 error(s), 0 left on base; South Florida 0 - Notre Dame 3
TOP OF THE 3RD
South Florida Bulls batting - Pitching for Notre Dame Fighting Irish : RHP Domingo Franco
Batting: RHB Danny Olson 0-0: Ball
1-0: Ball
2-0: Swinging Strike
2-1: Ball
3-1: DOUBLE (Line Drive, 5D)
Batting: LHB Bob Bush 0-0: Ball
1-0: Called Strike
1-1: Ball
Danny Olson steals 3rd base
2-1: SINGLE (Flyball, 9S)
Danny Olson scores
Batting: SHB Roberto Torres 0-0: Ball
1-0: Ball
2-0: Ball
3-0: Base on Balls
Bob Bush to second
Batting: RHB John Little 0-0: Called Strike
0-1: Grounds into double play, 6-4-3 (Groundball, 6)
Bob Bush to third
Batting: SHB Tex White 0-0: Called Strike
0-1: Ground out 5-3 (Groundball, 5)
Top of the 3rd over - 1 run(s), 2 hit(s), 0 error(s), 1 left on base; South Florida 1 - Notre Dame 3
BOTTOM OF THE 3RD
Notre Dame Fighting Irish batting - Pitching for South Florida Bulls : RHP Derrek Ashe
Batting: RHB Jesús Santos 0-0: Swinging Strike
0-1: Foul Ball, location: 2F
0-2: Ball
1-2: Ball
2-2: Ground out 5-3 (Groundball, 5L)
Batting: LHB Pat White 0-0: Called Strike
0-1: Ball
1-1: SINGLE (Groundball, 34)
Batting: RHB Doug Coleman 0-0: Called Strike
0-1: Ball
1-1: Foul Ball, location: 2F
1-2: SINGLE (Groundball, 56D)
Pat White to second
Batting: RHB Tony Parker 0-0: SINGLE (Groundball, 56D)
Pat White to third
Doug Coleman to second
Runner from 3rd tries for Home, SAFE, no throw or cutoff
Batting: SHB Forest Cruz 0-0: Ball
1-0: 3-RUN HOME RUN (Flyball, 9LD), Distance : 336 ft
Batting: RHB Ron Walters 0-0: Ball
1-0: Fly out, F7 (Flyball, 78M)
Batting: RHB Ralph Gentry 0-0: Ball
1-0: DOUBLE (Line Drive, 7LM)
Batting: SHB Joe Gallagher 0-0: Ball
1-0: Ball
2-0: Swinging Strike
2-1: Foul Ball, location: 2F
2-2: Foul Ball, location: 2F
2-2: Foul Ball, location: 2F
2-2: Ball
3-2: Fly out, F6 (Line Drive, 6)
Bottom of the 3rd over - 4 run(s), 5 hit(s), 0 error(s), 1 left on base; South Florida 1 - Notre Dame 7
TOP OF THE 4TH
South Florida Bulls batting - Pitching for Notre Dame Fighting Irish : RHP Domingo Franco
Batting: RHB Mark Parker 0-0: Ball
1-0: Foul Ball, location: 2F
1-1: DOUBLE (Flyball, 8LD)
Batting: RHB Jon Krohne 0-0: Ball
1-0: Ball
2-0: Swinging Strike
2-1: Called Strike
2-2: Strikes out swinging
Batting: LHB Bob Jacobs 0-0: Called Strike
0-1: Swinging Strike
0-2: Ball
1-2: Ball
2-2: Strikes out swinging
Batting: RHB Rafael Martínez 0-0: Ball
1-0: Called Strike
1-1: Ball
2-1: Ball
3-1: Base on Balls
Batting: RHB Danny Olson 0-0: DOUBLE (Line Drive, 8LM)
Mark Parker scores
Rafael Martínez to third
Batting: LHB Bob Bush 0-0: Ball
1-0: Foul Ball, location: 2F
1-1: Swinging Strike
1-2: Ball
2-2: Ball
3-2: Strikes out looking
Top of the 4th over - 1 run(s), 2 hit(s), 0 error(s), 2 left on base; South Florida 2 - Notre Dame 7
BOTTOM OF THE 4TH
Notre Dame Fighting Irish batting - Pitching for South Florida Bulls : RHP Derrek Ashe
Pitching: RHP Ron Kennedy
Batting: RHB António Muńóz 0-0: Foul Ball, location: 2F
0-1: Swinging Strike
0-2: Strikes out swinging
Batting: RHB Jesús Santos 0-0: Ball
1-0: Ball
2-0: Called Strike
2-1: Swinging Strike
2-2: Strikes out swinging
Batting: LHB Pat White 0-0: Fly out, F7 (Flyball, 7S)
Bottom of the 4th over - 0 run(s), 0 hit(s), 0 error(s), 0 left on base; South Florida 2 - Notre Dame 7
TOP OF THE 5TH
South Florida Bulls batting - Pitching for Notre Dame Fighting Irish : RHP Domingo Franco
Batting: SHB Roberto Torres 0-0: Ball
1-0: Foul Ball, location: 2F
1-1: Foul Ball, location: 2F
1-2: Strikes out swinging
Batting: RHB John Little 0-0: Ball
1-0: Reached on error, E6 (Groundball, 6)
Batting: SHB Tex White 0-0: TRIPLE (Line Drive, 3D)
John Little scores
Batting: RHB Mark Parker 0-0: Foul Ball, location: 2F
0-1: Swinging Strike
0-2: Ball
1-2: Ball
Wild Pitch!
Tex White scores
2-2: Foul Ball, location: 2F
2-2: Fly out, F3 (Popup, 3F)
Batting: RHB Jon Krohne 0-0: Called Strike
0-1: Ball
1-1: Called Strike
1-2: Foul Ball, location: 2F
1-2: Strikes out swinging
Top of the 5th over - 2 run(s), 1 hit(s), 1 error(s), 0 left on base; South Florida 4 - Notre Dame 7
BOTTOM OF THE 5TH
Notre Dame Fighting Irish batting - Pitching for South Florida Bulls : RHP Ron Kennedy
Batting: RHB Doug Coleman 0-0: Called Strike
0-1: SINGLE (Groundball, 6)
Batting: RHB Tony Parker 0-0: Ball
1-0: Ball
2-0: Ball
3-0: Called Strike
3-1: Base on Balls
Doug Coleman to second
Batting: SHB Forest Cruz 0-0: Called Strike
0-1: Ball
1-1: Foul Ball, location: 2F
1-2: Ball
2-2: Fly out, F5 (Popup, 5SF)
Batting: RHB Ron Walters 0-0: Called Strike
0-1: Ball
1-1: Ball
2-1: Ball
3-1: SINGLE (Groundball, 34)
Doug Coleman to third
Tony Parker to second
Runner from 3rd tries for Home, SAFE, throw made home
Tony Parker to third
Ron Walters to second
Batting: RHB Ralph Gentry 0-0: Foul Ball, location: 2F
0-1: Ball
1-1: Swinging Strike
1-2: Ball
2-2: SINGLE (Line Drive, 5D)
Tony Parker scores
Ron Walters to third
Batting: SHB Joe Gallagher 0-0: Called Strike
0-1: Ball
1-1: Ball
2-1: Called Strike
2-2: SINGLE (Groundball, 4M)
Ron Walters scores
Ralph Gentry to second
Batting: RHB António Muńóz 0-0: Ball
1-0: Called Strike
1-1: Reached on error, E5 (Groundball, 56)
Ralph Gentry to third
Joe Gallagher to second
Batting: RHB Jesús Santos 0-0: Called Strike
0-1: Ball
1-1: Called Strike
1-2: Ball
2-2: Grounds into double play, 6-4-3 (Groundball, 6)
Bottom of the 5th over - 3 run(s), 4 hit(s), 1 error(s), 2 left on base; South Florida 4 - Notre Dame 10
TOP OF THE 6TH
South Florida Bulls batting - Pitching for Notre Dame Fighting Irish : RHP Domingo Franco
Pitching: LHP Jeff Minnich
Batting: LHB Bob Jacobs 0-0: Ball
1-0: Swinging Strike
1-1: Ball
2-1: Foul Ball, location: 2F
2-2: SINGLE (Groundball, 34D) (infield hit)
Batting: RHB Rafael Martínez 0-0: Called Strike
0-1: Called Strike
0-2: Strikes out swinging
Batting: RHB Danny Olson 0-0: Swinging Strike
0-1: Called Strike
0-2: Ball
1-2: Strikes out swinging
Batting: LHB Bob Bush 0-0: Ball
1-0: Ball
Throwing error on steal attempt, E2
Bob Jacobs to third
2-0: Foul Ball, location: 2F
2-1: Called Strike
2-2: Strikes out swinging
Top of the 6th over - 0 run(s), 1 hit(s), 1 error(s), 1 left on base; South Florida 4 - Notre Dame 10
BOTTOM OF THE 6TH
Notre Dame Fighting Irish batting - Pitching for South Florida Bulls : RHP Ron Kennedy
Pitching: RHP Dave O'Mooney
Batting: LHB Pat White 0-0: Foul Ball, location: 2F
0-1: Foul Ball, location: 2F
0-2: Ground out 4-3 (Groundball, 4M)
Batting: RHB Doug Coleman 0-0: Ball
1-0: Foul Ball, location: 2F
1-1: SOLO HOME RUN (Flyball, 78XD), Distance : 373 ft
Batting: RHB Tony Parker 0-0: Swinging Strike
0-1: Called Strike
0-2: Strikes out looking
Batting: SHB Forest Cruz 0-0: Called Strike
0-1: Foul Ball, location: 2F
0-2: Strikes out swinging
Bottom of the 6th over - 1 run(s), 1 hit(s), 0 error(s), 0 left on base; South Florida 4 - Notre Dame 11
TOP OF THE 7TH
South Florida Bulls batting - Pitching for Notre Dame Fighting Irish : LHP Jeff Minnich
Batting: SHB Roberto Torres 0-0: Ball
1-0: Called Strike
1-1: Called Strike
1-2: Ball
2-2: Foul Ball, location: 2F
2-2: Foul Ball, location: 2F
2-2: Ball
3-2: Base on Balls
Batting: RHB John Little 0-0: Ball
1-0: Foul Ball, location: 2F
1-1: Ball
2-1: Foul Ball, location: 2F
2-2: Ball
3-2: Base on Balls
Roberto Torres to second
Batting: SHB Tex White 0-0: Ball
1-0: Ball
2-0: Ball
3-0: Called Strike
3-1: Base on Balls
Roberto Torres to third
John Little to second
Batting: RHB Mark Parker 0-0: Swinging Strike
0-1: Called Strike
0-2: Foul Ball, location: 2F
0-2: Foul Ball, location: 2F
0-2: Ball
1-2: Foul Ball, location: 2F
1-2: Foul Ball, location: 2F
1-2: Ball
2-2: Hit by Pitch
Roberto Torres scores
John Little to third
Tex White to second
Pitching: RHP Gabe Mills
Batting: RHB Jon Krohne 0-0: Called Strike
0-1: Foul Ball, location: 2F
0-2: Strikes out swinging
Batting: LHB Bob Jacobs 0-0: Ball
1-0: DOUBLE (Line Drive, 9LM)
John Little scores
Tex White scores
Mark Parker to third
Batting: RHB Rafael Martínez 0-0: Called Strike
0-1: Swinging Strike
0-2: Strikes out swinging
Batting: RHB Danny Olson 0-0: Foul Ball, location: 2F
0-1: Fly out, F8 (Flyball, 8LM)
Top of the 7th over - 3 run(s), 1 hit(s), 0 error(s), 2 left on base; South Florida 7 - Notre Dame 11
BOTTOM OF THE 7TH
Notre Dame Fighting Irish batting - Pitching for South Florida Bulls : RHP Dave O'Mooney
Batting: RHB Ron Walters 0-0: Ball
1-0: Foul Ball, location: 2F
1-1: Swinging Strike
1-2: Ball
2-2: Strikes out swinging
Batting: RHB Ralph Gentry 0-0: Ground out 4-3 (Groundball, 34)
Batting: SHB Joe Gallagher 0-0: Ball
1-0: Ball
2-0: Ball
3-0: Base on Balls
Batting: RHB António Muńóz 0-0: Ball
1-0: Ball
2-0: Ground out 2-3 (Groundball, 25)
Bottom of the 7th over - 0 run(s), 0 hit(s), 0 error(s), 1 left on base; South Florida 7 - Notre Dame 11
TOP OF THE 8TH
South Florida Bulls batting - Pitching for Notre Dame Fighting Irish : RHP Gabe Mills
Batting: LHB Bob Bush 0-0: Ball
1-0: Ball
2-0: Called Strike
2-1: Ball
3-1: Foul Ball, location: 2F
3-2: Foul Ball, location: 2F
3-2: Strikes out looking
Batting: SHB Roberto Torres 0-0: Ball
1-0: Ball
2-0: Ball
3-0: Called Strike
3-1: Base on Balls
Batting: RHB John Little 0-0: Called Strike
0-1: Ball
1-1: Ball
2-1: Ball
3-1: Called Strike
3-2: Fly out, F9 (Flyball, 9M)
Batting: SHB Tex White 0-0: Ball
1-0: Foul Ball, location: 2F
1-1: SINGLE (Line Drive, 56D)
Roberto Torres to second
Pitching: RHP Bill Wiggins
Batting: RHB Mark Parker 0-0: Ball
1-0: Swinging Strike
1-1: Ball
2-1: Ball
3-1: Base on Balls
Roberto Torres to third
Tex White to second
Batting: RHB Jon Krohne 0-0: Ball
1-0: Ball
2-0: Foul Ball, location: 2F
2-1: Ball
3-1: SINGLE (Line Drive, 56D)
Roberto Torres scores
Tex White to third
Mark Parker to second
Runner from 3rd tries for Home, SAFE, no throw or cutoff
Pitching: LHP Arthur Coventry
Batting: LHB Bob Jacobs 0-0: Ball
1-0: Foul Ball, location: 2F
1-1: Foul Ball, location: 2F
1-2: Strikes out looking
Top of the 8th over - 2 run(s), 2 hit(s), 0 error(s), 2 left on base; South Florida 9 - Notre Dame 11
BOTTOM OF THE 8TH
Notre Dame Fighting Irish batting - Pitching for South Florida Bulls : RHP Dave O'Mooney
Pitching: LHP Gregg Funk
Batting: RHB Jesús Santos 0-0: Swinging Strike
0-1: Ball
1-1: Ball
2-1: Ball
3-1: Swinging Strike
3-2: Strikes out looking
Batting: LHB Pat White 0-0: Ball
1-0: Foul Ball, location: 2F
1-1: Fly out, F7 (Line Drive, 7M)
Batting: RHB Doug Coleman 0-0: Ball
1-0: Called Strike
1-1: Swinging Strike
1-2: Ball
2-2: Ball
3-2: Base on Balls
Batting: RHB Tony Parker 0-0: Ball
1-0: Ground out U3 (Groundball, 3S)
Bottom of the 8th over - 0 run(s), 0 hit(s), 0 error(s), 1 left on base; South Florida 9 - Notre Dame 11
TOP OF THE 9TH
South Florida Bulls batting - Pitching for Notre Dame Fighting Irish : LHP Arthur Coventry
Pitching: RHP Roy Mitchell
Now at SS: Tim Reid
Batting: RHB Rafael Martínez 0-0: Ball
1-0: DOUBLE (Line Drive, 89S)
Batting: RHB Danny Olson 0-0: Ground out 1-3 (Groundball, 15S)
Batting: LHB Bob Bush 0-0: Ball
1-0: Ball
2-0: SINGLE (Flyball, 7LS)
Rafael Martínez to third
Runner from 3rd tries for Home, SAFE, no throw or cutoff
Batting: SHB Roberto Torres 0-0: Called Strike
0-1: Ball
1-1: Called Strike
1-2: Foul Ball, location: 2F
1-2: Ball
2-2: Ball
3-2: Base on Balls
Bob Bush to second
Batting: RHB John Little 0-0: Called Strike
0-1: Ball
1-1: Swinging Strike
1-2: Foul Ball, location: 2F
1-2: Ball
2-2: Foul Ball, location: 2F
2-2: Ball
3-2: Base on Balls
Bob Bush to third
Roberto Torres to second
Batting: SHB Tex White 0-0: Ball
1-0: Foul Ball, location: 2F
1-1: DOUBLE (Flyball, 8LXD)
Bob Bush scores
Roberto Torres scores
John Little to third
Batting: RHB Mark Parker 0-0: Intentional Walk
Batting: RHB Jon Krohne 0-0: Called Strike
0-1: Fly out, F9 (Flyball, 89D)
Runner from 3rd tags up, SCORES, no throw
Pitching: RHP Matt Fernández
Batting: LHB Bob Jacobs 0-0: Called Strike
0-1: Foul Ball, location: 2F
0-2: Ground out 4-3 (Groundball, 4)
Top of the 9th over - 4 run(s), 3 hit(s), 0 error(s), 2 left on base; South Florida 13 - Notre Dame 11
BOTTOM OF THE 9TH
Notre Dame Fighting Irish batting - Pitching for South Florida Bulls : LHP Gregg Funk
Pitching: RHP Howard Erickson
Now at C: Christian Mason
Batting: SHB Forest Cruz 0-0: Swinging Strike
0-1: Ground out 4-3 (Groundball, 34)
Batting: RHB Ron Walters 0-0: Ball
1-0: Called Strike
1-1: Fly out, F8 (Flyball, 8RM)
Batting: RHB Ralph Gentry 0-0: Reaches on Catchers interference
Batting: SHB Joe Gallagher 0-0: Called Strike
0-1: Ball
1-1: Foul Ball, location: 2F
1-2: Strikes out swinging
Bottom of the 9th over - 0 run(s), 0 hit(s), 1 error(s), 1 left on base; South Florida 13 - Notre Dame 11
This league is powered by Out of the Park Baseball, the baseball management simulation game for PC, Mac and Linux
Wednesday, December 2nd, 2015 - OOTP Baseball 16.8 Build 38